 Dungeon Crawl Stone Soup version 0.30.1 (webtiles) character file.

Game seed: 9718721972455668495

308 boopmooplesden the Twirler (level 6, -1/46 HPs)
             Began as a Demonspawn Gladiator on July 5, 2023.
             Succumbed to a scorpion's poison
             ... on level 5 of the Dungeon.
             The game lasted 00:04:51 (3200 turns).

boopmooplesden the Twirler (Demonspawn Gladiator)   Turns: 3200, Time: 00:04:52

Health: -1/46      AC:  8    Str: 16    XL:     6   Next: 16%
Magic:  6/6        EV: 11    Int:  9    God:
Gold:   339        SH:  0    Dex: 13    Spells: 5/5 levels left

rFire   . . .        a - +2 quarterstaff
rCold   . . .        (shield currently unavailable)
rNeg    + . .        l - +0 ring mail
rPois   .            j - +0 helmet
rElec   .            (no cloak)
rCorr   +            o - +0 pair of gloves "Pinet" {rN+ rCorr Dex-4 Stlth+}
SInv    .            g - +0 pair of boots
Will    .....        (no amulet)
Stlth   +++          (no ring)
HPRegen 0.27/turn    (no ring)
MPRegen 0.20/turn

%: no passive effects
@: lethally poisoned (-1 -> -29), flying
A: thin skeletal structure 1, magic regeneration, demonic touch 1
a: no special abilities


You were on level 5 of the Dungeon.
You visited 1 branch of the dungeon, and saw 5 of its levels.

You collected 339 gold pieces.

Inventory:

Hand Weapons
 a - a +2 quarterstaff (weapon)
Armour
 b - a +0 leather armour
 c - a +0 helmet
 g - a +0 pair of boots (worn)
 j - a +0 helmet (worn)
 l - a +0 ring mail (worn)
 o - the +0 pair of gloves "Pinet" (worn) {rN+ rCorr Dex-4 Stlth+}
   (You found it on level 3 of the Dungeon)

   Dex:       It affects your dexterity (-4).
   rN:        It protects you from negative energy.
   rCorr:     It protects you from acid and corrosion.
   Stlth:     It makes you more stealthy.
Jewellery
 i - a ring of magical power
Wands
 p - a wand of iceblast (4)
Scrolls
 u - 2 scrolls of fog
Potions
 h - a potion of haste {unknown}
 k - a potion of mutation {unknown}
 m - 2 potions of might
 n - a potion of attraction {unknown}
 q - a potion of cancellation {unknown}
 r - a potion of lignification {unknown}
 s - a potion of brilliance {unknown}


   Skills:
 + Level 2.6 Fighting
 + Level 4.9 Staves
 + Level 2.0 Throwing
 + Level 1.6 Armour
 + Level 3.5 Dodging
 + Level 1.3 Stealth


You had 5 spell levels left.
You didn't know any spells.
Your spell library contained the following spells:

 Spells                   Type           Power      Damage    Failure   Level
 Slow                     Hex            0%         N/A       58%         1
 Confusing Touch          Hex            0%         N/A       92%         3
 Vampiric Draining        Necr           0%         2d6       92%         3


Dungeon Overview and Level Annotations

Branches:
Dungeon (5/15)
 Temple: D:4-7

Altars:

Shops:
D:3 !   D:5 (

Annotations:
D:4 Pikel


Innate Abilities, Weirdness & Mutations

You have a somewhat thin skeletal structure. (Dex +2, Stealth+)
You regenerate magic rapidly.
Your touch may inflict minor irresistible damage on your foes.


Message History

You feel very sick.
The scorpion stings you but does no damage.
The scorpion misses you.
Throw: javelin
Press: ? - help, Q - select action, (/) - cycle Shift-Dir - straight line, f/p - scorpion
Aim: a scorpion (59% to hit)
You throw a javelin.
The javelin closely misses the scorpion.
You feel very sick. The scorpion stings you.
The scorpion stings you but does no damage.
The scorpion stings you.
You are lethally poisoned!
The scorpion poisons you! The scorpion closely misses you.
You feel much better.
You feel very sick. The scorpion closely misses you. The scorpion stings you.
You hit the scorpion.
The scorpion is lightly wounded.
You feel very sick. The scorpion closely misses you.
The scorpion stings you but does no damage.
You barely miss the scorpion.
The scorpion is moderately wounded.
You feel very sick. The scorpion barely misses you. The scorpion stings you.
You are more poisoned.
The scorpion poisons you!
You hit the scorpion.
The scorpion is heavily wounded.
You feel very sick. The scorpion closely misses you.
The scorpion stings you. x2
* * * LOW HITPOINT WARNING * * *
You are more poisoned.
The scorpion poisons you! The scorpion stings you.
* * * LOW HITPOINT WARNING * * *
It was a potion of flight.
You feel very buoyant.
You fly up into the air.
You die...

...#........#...##....####
............##.####......#
..................###....#
....................#...##
.#.#.....................#
.####............#..#..###
.......#####....######.#
...##..#...#......# ###
...##..#.>.#....@s#
...###.# ..#....s....#
.......# ∩.#....$.^.....
.......# #............
#......# #............
........ ..#......#..##
........ ..........####
......#. ..........#
......#


You could see 2 scorpions.

Vanquished Creatures
  A lemure (D:5)
  2 scorpions (D:5)
  A jelly (D:4)
  A sleepcap (D:5)
  4 gnolls (D:3)
  2 adders
  A worm (D:2)
  5 dart slugs
  3 orcs
  5 bats
  4 endoplasms
  6 giant cockroaches
  4 goblins
  9 hobgoblins
  A jackal (D:3)
  3 quokkas
  5 ball pythons
  2 frilled lizards (D:2)
  2 kobolds
  6 rats
67 creatures vanquished.

Notes
Turn   | Place    | Note
-------+----------+-------------------------------------------
     0 | D:1      | boopmooplesden the Demonspawn Gladiator began the quest for
                  | the Orb.
     0 | D:1      | Reached XP level 1. HP: 16/16 MP: 1/1
   312 | D:1      | Gained mutation: Your touch may inflict minor irresistible
                  | damage on your foes. [demonic ancestry]
   312 | D:1      | Reached XP level 2. HP: 22/22 MP: 2/2
   608 | D:1      | Reached skill level 3 in Staves
   782 | D:2      | Gained mutation: You have a somewhat thin skeletal
                  | structure. (Dex +2, Stealth+) [demonic ancestry]
   782 | D:2      | Reached XP level 3. HP: 26/27 MP: 3/3
  1038 | D:2      | Found a faded altar of an unknown god.
  1716 | D:3      | Gained mutation: You regenerate magic rapidly. [demonic
                  | ancestry]
  1716 | D:3      | Reached XP level 4. HP: 34/34 MP: 4/4
  1730 | D:3      | Reached skill level 4 in Staves
  2258 | D:3      | Identified the +0 pair of gloves "Pinet" {rN+ rCorr Dex-4
                  | Stlth+}
  2268 | D:3      | Found Tedyrphe's Distillery.
  2611 | D:4      | Noticed a steam dragon
  2618 | D:5      | Entered Level 5 of the Dungeon
  2667 | D:5      | Noticed a scorpion
  2672 | D:5      | Killed a scorpion
  2673 | D:5      | Reached skill level 1 in Armour
  2673 | D:5      | Reached XP level 5. HP: 39/39 MP: 5/5
  2840 | D:4      | Reached skill level 1 in Stealth
  3014 | D:4      | Noticed a lemure
  3014 | D:4      | Noticed a lemure
  3014 | D:4      | Noticed a lemure
  3014 | D:4      | Noticed a lemure
  3015 | D:4      | Noticed Pikel
  3041 | D:5      | Killed a lemure
  3079 | D:5      | Found Wanoacwuff's Weapon Boutique.
  3099 | D:5      | Reached XP level 6. HP: 38/46 MP: 6/6
  3200 | D:5      | Succumbed to a scorpion's poison

Illustrated notes

Levels and vault maps discovered:
D:1:      giann_wishing_wells, layout_basic, ebering_dispersal_statue_hall
D:2:      layout_basic, shapermc_ecumenical_altar_ellora,
          minmay_tree_intersection
D:3:      layout_basic, serial_shops, nicolae_shop_statue_plus,
          minmay_box_of_dots
D:4:      layout_cave_pools, uniq_pikel
D:5:      layout_cave_pools, nicolae_take_the_stairs,
          chequers_serial_rivers_micro_e

Skill      XL: |  1  2  3  4  5 |
---------------+----------------+-----
Dodging        | 3 |  3.5
Staves         | 3 4 |  4.9
Armour         | 1 |  1.6
Throwing       | 2 |  2.0
Stealth        | 1 |  1.3
Fighting       | |  2.6

Action                     |  1- 3 |  4- 6 || total
---------------------------+-------+-------++-------
  Melee: Quarterstaff      |   135 |    72 ||   207
  Throw: Throwing net      |     1 |     2 ||     3
         Javelin           |       |     1 ||     1
    Use: Scroll            |     5 |     2 ||     7
         Potion            |       |     4 ||     4
   Stab: Sleeping          |     4 |     3 ||     7
         Distracted        |       |     1 ||     1
 Armour: Leather armour    |    23 |       ||    23
         Ring mail         |    13 |    37 ||    50
  Dodge: Dodged            |    97 |    50 ||   147
